 Dungeon Crawl Stone Soup version 0.26.0-10-g1f06aea511 (webtiles) character file.

Game seed: 14783508655439960284

10388 Borgoz the Carver (level 11, -4/95 HPs)
             Began as a Ghoul Gladiator on Jan 30, 2021.
             Was a Believer of Ashenzari.
             Slain by a troll (5 damage)
             ... on level 11 of the Dungeon.
             The game lasted 00:15:12 (12060 turns).

Borgoz the Carver (Ghoul Gladiator)                Turns: 12060, Time: 00:15:12

Health: -4/95      AC: 31    Str: 20    XL:     11   Next: 61%
Magic:  10/10      EV:  7    Int:  3    God:    Ashenzari [**....]
Gold:   800        SH:  5    Dex: 18    Spells: 10/10 levels left

rFire    . . .     SeeInvis .   f - +2 long sword
rCold    + . .     Faith    .   (no shield)
rNeg     + + +     Spirit   .   t - +3 crystal plate armour
rPois    ∞         Reflect  +   c - +0 helmet
rElec    .         Harm     .   m - +0 cloak
rCorr    .         Rampage  .   l - +1 pair of gloves
Will     +....                  x - +2 pair of boots
Stlth    ..........             d - amulet of reflection
HPRegen  0.00/turn              e - ring of willpower
MPRegen  0.12/turn              v - +6 ring of dexterity

@: no status effects
A: claws 1, cold resistance 1, negative energy resistance 3, inhibited
regeneration, torment resistance, unbreathing
a: Renounce Religion, Curse Item, Scrying


You were on level 11 of the Dungeon.
You worshipped Ashenzari.
Ashenzari was pleased with you.
You visited 2 branches of the dungeon, and saw 12 of its levels.

You collected 800 gold pieces.

Inventory:

Hand Weapons
 a - a +1 scimitar
 f - a +2 long sword (weapon)
Armour
 c - a +0 helmet (worn)
 l - a +1 pair of gloves (worn)
 m - a +0 cloak (worn)
 t - a +3 crystal plate armour (worn)
 x - a +2 pair of boots (worn)
Jewellery
 d - an amulet of reflection (around neck)
 e - a ring of willpower (left hand)
 r - an uncursed ring of protection from cold
 v - a +6 ring of dexterity (right hand)
 C - an uncursed ring of resist corrosion
 E - an uncursed ring of flight
Wands
 w - a wand of disintegration (10)
Scrolls
 h - a scroll of enchant armour
 j - 6 scrolls of remove curse
 u - a scroll of fog
 y - a scroll of teleportation
Potions
 b - 2 potions of magic
 g - 3 potions of curing
 i - 3 potions of invisibility
 k - 2 potions of resistance
 s - 3 potions of haste
 z - a potion of flight
 A - a potion of brilliance
 D - 2 potions of heal wounds


   Skills:
 + Level 8.4 Fighting
 * Level 10.0 Long Blades
 - Level 1.7 Throwing
 * Level 9.5 Armour
 + Level 7.2 Dodging


You had 10 spell levels left.
You didn't know any spells.
Your spell library contained the following spells:

 Spells                   Type           Power        Failure   Level
 Animate Skeleton         Necr           0%           100%        1
 Sandblast                Erth           0%           100%        1
 Passwall                 Tmut/Erth      0%           100%        2
 Stone Arrow              Conj/Erth      0%           100%        3
 Petrify                  Tmut/Erth      0%           100%        4
 Lee's Rapid Deconstruct  Erth           0%           100%        5


Dungeon Overview and Level Annotations

Branches:
Dungeon (11/15)            Temple (1/1) D:4            Lair (0/6) D:8
    Orc (0/2) D:10

Altars:
Ashenzari
Cheibriados
Dithmenos
Elyvilon
Fedhas
Gozag
Hepliaklqana
Kikubaaqudgha
Makhleb
Nemelex Xobeh
Okawaru
Qazlal
Ru
Sif Muna
Trog
Uskayaw
Vehumet
Wu Jian
Xom
Yredelemnul
Zin
The Shining One


Innate Abilities, Weirdness & Mutations

You thrive by killing the living.
You are immune to poison.
You have sharp fingernails.
Your flesh is cold resistant. (rC+)
You are immune to negative energy. (rN+++)
You do not regenerate when monsters are visible.
You are immune to unholy pain and torment.
You can survive without breathing.


Message History

You hit the wyvern skeleton.
The wyvern skeleton is lightly damaged.
You slash the cyclops!
The cyclops is severely wounded.
You block the troll's attack. x2; The troll claws you but does no damage.
The wyvern skeleton bites you.
* * * LOW HITPOINT WARNING * * *
The cyclops hits you.
* * * LOW HITPOINT WARNING * * *
You hit the cyclops.
The cyclops is severely wounded.
The troll bites you but does no damage. You block the troll's attack.
The troll claws you but does no damage. You block the wyvern skeleton's attack.
You slash the cyclops!
The cyclops is almost dead.
The wyvern skeleton bites you but does no damage.
The cyclops hits you!!
* * * LOW HITPOINT WARNING * * *
The troll bites you.
You die...

#...* #....##
#. ,*
####.....#*# ,
, , ,
#.#...##...## *
** #....##
##... ##...#
*#..## , #...#
#..## ,
##..##..# * , *
#(Z#...#
#@T(..#* , **
#C.....# , *, *
,C.........#
#.....#........
####.###....#..
, .. #...#,. ,
* #.. #..# **
,...** ... * ,
,


You could see a cyclops, a troll and a wyvern skeleton.

Vanquished Creatures
  3 two-headed ogres (D:9)
  An unseen horror (D:10)
  A manticore (D:10)
  2 ugly things (D:11)
  A centaur zombie (D:11)
  Maurice (D:10)
  Psyche (D:10)
  4 yaks (D:8)
  A wraith (D:11)
  A water moccasin (D:10)
  A swamp drake (D:10)
  2 ice beasts
  A phantom (D:8)
  6 orc warriors
  2 sky beasts (D:6)
  A necrophage (D:6)
  2 eyes of draining (D:11)
  2 ogres
  4 centaurs
  9 bullfrogs
  A wyvern skeleton (D:9)
  5 scorpions
  A water moccasin skeleton (D:4)
  5 killer bees (D:11)
  8 wights
  3 howler monkeys
  6 hounds
  18 orc wizards
  A centaur skeleton (D:7)
  4 orc priests
  3 iguanas
  7 worker ants
  A hound skeleton (D:7)
  A worker ant zombie (D:5)
  6 gnolls
  8 adders
  8 river rats (D:6)
  2 shadow imps
  8 white imps
  4 oozes
  An adder zombie (D:5)
  2 adder skeletons
  3 worms
  A dart slug (D:1)
  10 leopard geckos
  42 orcs
  4 giant cockroaches
  6 goblins
  10 hobgoblins
  5 jackals
  9 quokkas
  9 bats
  6 frilled lizards
  9 kobolds
  A leopard gecko zombie (D:6)
  23 rats
287 creatures vanquished.

Vanquished Creatures (others)
  An orc warrior (D:10)
  An orc wizard (D:7)
  7 fungi (D:2)
  5 toadstools (D:2)
14 creatures vanquished.

Grand Total: 301 creatures vanquished

Notes
Turn   | Place    | Note
-------+----------+-------------------------------------------
     0 | D:1      | Borgoz the Ghoul Gladiator began the quest for the Orb.
     0 | D:1      | Reached XP level 1. HP: 17/17 MP: 0/0
   239 | D:1      | Reached XP level 2. HP: 18/24 MP: 1/1
   606 | D:1      | Reached skill level 3 in Long Blades
   679 | D:1      | Reached skill level 1 in Armour
   733 | D:1      | Reached XP level 3. HP: 25/30 MP: 2/2
   809 | D:1      | You fall into a shaft and drop 1 floor!
   809 | D:2      | Found a broken altar of Ashenzari.
   885 | D:2      | Became a worshipper of Ashenzari the Shackled
  2172 | D:3      | Reached XP level 4. HP: 37/37 MP: 3/3
  2469 | D:3      | Found a shimmering altar of Xom.
  2656 | D:3      | Reached * piety under Ashenzari
  2940 | D:4      | Reached XP level 5. HP: 36/45 MP: 4/4
  3117 | D:4      | Found a shadowy altar of Dithmenos.
  3130 | D:4      | Reached skill level 4 in Long Blades
  3174 | D:4      | Found a broken altar of Ashenzari.
  3317 | D:4      | Found a staircase to the Ecumenical Temple.
  3417 | Temple   | Entered the Ecumenical Temple
  3594 | D:4      | Reached XP level 6. HP: 49/51 MP: 5/5
  3996 | D:5      | Entered Level 5 of the Dungeon
  4049 | D:5      | Reached XP level 7. HP: 50/58 MP: 6/6
  4569 | D:5      | Reached skill level 5 in Long Blades
  4893 | D:6      | Reached XP level 8. HP: 15/67 MP: 7/7
  5405 | D:6      | Reached ** piety under Ashenzari
  5682 | D:6      | Reached skill level 5 in Armour
  5830 | D:6      | Found a stormy altar of Qazlal.
  5857 | D:6      | Reached skill level 5 in Fighting
  5857 | D:6      | Reached skill level 6 in Long Blades
  6047 | D:6      | Found a shimmering blue altar of Sif Muna.
  6048 | D:6      | Found an ancient bone altar of Kikubaaqudgha.
  6048 | D:6      | Found a radiant altar of Vehumet.
  6050 | D:6      | Identified Kikubaaqudgha's Collected Works on Stolen Souls
  6237 | D:6      | Reached XP level 9. HP: 28/74 MP: 8/8
  6434 | D:6      | Reached skill level 5 in Dodging
  6714 | D:7      | Found a stormy altar of Qazlal.
  6914 | D:7      | Reached skill level 7 in Long Blades
  7312 | D:8      | Found a sacrificial altar of Ru.
  7415 | D:8      | Found a staircase to the Lair.
  7898 | D:8      | Found an ornate altar of the Wu Jian Council.
  7901 | D:8      | Found a hazy altar of Hepliaklqana.
  8039 | D:8      | Found a basalt altar of Yredelemnul.
  8087 | D:8      | Found a glowing silver altar of Zin.
  8496 | D:8      | Reached XP level 10. HP: 60/84 MP: 9/9
  8503 | D:8      | Reached skill level 8 in Long Blades
  8633 | D:9      | Noticed a two-headed ogre
  8652 | D:9      | Killed a two-headed ogre
  8867 | D:9      | Noticed a two-headed ogre
  8881 | D:9      | Killed a two-headed ogre
  9288 | D:9      | Found a glowing golden altar of the Shining One.
  9316 | D:9      | Noticed a two-headed ogre
  9334 | D:9      | Killed a two-headed ogre
  9338 | D:9      | Reached skill level 9 in Long Blades
  9580 | D:10     | Entered Level 10 of the Dungeon
  9691 | D:10     | Killed an unseen horror
  9692 | D:10     | Reached XP level 11. HP: 61/93 MP: 10/10
  9976 | D:10     | Noticed a manticore
  9998 | D:10     | Killed a manticore
 10714 | D:10     | Noticed Psyche
 10734 | D:10     | Killed Psyche
 10812 | D:10     | Found a staircase to the Orcish Mines.
 10824 | D:10     | Noticed Maurice
 10875 | D:10     | Killed Maurice
 11033 | D:11     | Noticed a cyan ugly thing
 11062 | D:11     | Killed a brown ugly thing
 11838 | D:11     | Noticed a purple ugly thing
 11859 | D:11     | Killed a purple ugly thing
 11860 | D:11     | Reached skill level 10 in Long Blades
 12046 | D:11     | Noticed a cyclops
 12060 | D:11     | HP: 1/95 [cyclops (19)]
 12060 | D:11     | Slain by a troll

Illustrated notes

Levels and vault maps discovered:
D:1:      elethiomel_arrival_shortcut, layout_basic, minmay_pentomino_p4
D:2:      layout_loops_ring, minmay_gold_behind_fungi,
          nicolae_ashenzari_panopticon
D:3:      layout_basic, nicolae_overflow_hidden_temple
D:4:      cheibrodos_quashed, layout_basic, general_overflow_altar,
          minmay_temple_entry_poolview, nicolae_dithmenos_through_a_glass_darkly
D:5:      layout_loops_ring, serial_park_tiny_pond
D:6:      lemuel_ratsnest, layout_rooms, grunt_temple_overflow_magic_moments,
          nicolae_overflow_crystal_walls, minmay_circle_x
D:7:      layout_rooms, nicolae_qazlal_style_of_elements
D:8:      layout_rooms, old_standard_altar, lemuel_round_altar, minitemple,
          kennysheep_little_box, lair_entry_dummy, minmay_misc_feat_tower
D:9:      layout_roguey, lemuel_crystal_altar
D:10:     layout_basic, erik_orc_1, uniq_psyche, uniq_maurice
D:11:     layout_layer_cave
Temple:   zaba_magenta_temple

Skill      XL: |  1  2  3  4  5  6  7  8  9 10 11 |
---------------+----------------------------------+-----
Long Blades    | 3 4 5 6 7 9 10 | 10.0
Armour         | 1 2 3 4 5 7 8 9 |  9.5
Dodging        | 3 4 5 6 7 |  7.2
Fighting       | 3 4 5 6 7 8 |  8.4
Throwing       | |  1.7

Action                   |  1- 3 |  4- 6 |  7- 9 | 10-12 || total
-------------------------+-------+-------+-------+-------++-------
Melee: Long sword        |   102 |   158 |   690 |   465 ||  1415
Throw: Throwing net      |       |     2 |       |     5 ||     7
Evoke: Wand              |       |       |       |     7 ||     7
  Use: Scroll            |     4 |     4 |     7 |     7 ||    22
       Potion            |       |       |     2 |     4 ||     6
 Stab: Held in net/web   |       |     1 |       |     4 ||     5
       Paralysed         |       |       |       |    10 ||    10
       Invisible         |       |       |       |     8 ||     8
       Confused          |       |       |       |     1 ||     1
Armor: Leather armour    |    23 |       |       |       ||    23
       Ring mail         |    21 |    34 |       |       ||    55
       Crystal plate arm |       |    75 |   947 |   424 ||  1446
Dodge: Dodged            |    93 |    56 |   193 |   156 ||   498
Block: Other             |       |       |       |    60 ||    60
       Reflection        |       |       |       |     1 ||     1
       Rpst.: Long sword |    26 |    20 |    57 |    35 ||   138
